 Dungeon Crawl Stone Soup version bcrawl-1.13.4 (webtiles) character file.

Game seed: 12413721228766617447

205 Felnil the Shield-Bearer (level 5, -3/34 HPs)
             Began as a Skeleton Fighter on Aug 14, 2019.
             Was an Initiate of Yredelemnul.
             Killed from afar by an orc wizard (6 damage)
             ... with a magic dart
             ... on level 3 of the Dungeon.
             The game lasted 00:07:59 (2893 turns).

Felnil the Shield-Bearer (Skeleton Fighter)         Turns: 2893, Time: 00:08:00

Health: -3/34      AC:  7    Str: 23      XL:     5   Next: 53%
Magic:  0/5        EV:  8    Int:  6 (7)  God:    Yredelemnul [......]
Gold:   83         SH: 10    Dex:  8      Spells: 4/4 levels left

rFire    . . .     SeeInvis .   a - +0 war axe
rCold    + . .     Gourm    .   c - +0 shield
rNeg     + + +     Faith    +   b - +0 scale mail
rPois    ∞         Spirit   +   (no helmet)
rElec    .         Reflect  .   (no cloak)
rCorr    .         Harm     .   (no gloves)
MR       .....                  (no boots)
Stlth    ..........             f - amulet of faith
HPRegen  0.11/turn              (no ring)
MPRegen  0.09/turn              (no ring)

@: no status effects
A: no food or potions, cold resistance 1, deterioration 1, negative energy
resistance 3, torment resistance, unbreathing, magic shield, sturdy frame 1,
spell healing
a: Renounce Religion


You were on level 3 of the Dungeon.
You worshipped Yredelemnul.
Yredelemnul was noncommittal.
You were not hungry.

You visited 1 branch of the dungeon, and saw 3 of its levels.

You collected 83 gold pieces.

Inventory:

Hand Weapons
 a - a +0 war axe (weapon)
Missiles
 g - 153 tomahawks (quivered)
Armour
 b - a +0 scale mail (worn)
 c - a +0 shield (worn)
Jewellery
 f - an amulet of faith (around neck)
Scrolls
 d - a scroll of remove curse {unknown}
 e - a scroll of noise {unknown}
 h - 2 scrolls of blinking {unknown}
 i - 4 scrolls of teleportation {unknown}
 j - a scroll of identify {unknown}


   Skills:
 * Level 4.9 Fighting
 - Level 2.4 Axes
 + Level 4.4 Armour
 + Level 5.0 Shields


You had 4 spell levels left.
You didn't know any spells.
Your spell library was empty.

Dungeon Overview and Level Annotations

Branches:
Dungeon (3/12)

Altars:
Yredelemnul
The Shining One


Innate Abilities, Weirdness & Mutations

You do not eat or drink.
You are immune to poison.
Your flesh is cold resistant. (rC+)
Your body sometimes deteriorates upon taking damage.
You are immune to negative energy. (rN+++)
You are immune to unholy pain and torment.
You can survive without breathing.
When hurt, damage is shared between your health and your magic reserves.
Your movements are slightly less encumbered by armour. (ER -2)
Casting spells heals you.


Message History

The orc wizard gestures wildly while chanting.
The orc wizard flickers and vanishes!
You hear some strange, mumbled words.
A puff of flame appears from out of thin air!
The puff of flame hits you!
* * * LOW HITPOINT WARNING * * *
You nearly stumble into some lava!
Something completely misses you. Something hits you.
* * * LOW HITPOINT WARNING * * *
You closely miss something. x2
You feel less confused.
Something hits you but does no damage. x3
You hear some strange, mumbled words.
Something tries to affect you, but you resist.
Something hits you but does no damage.
You hear some strange, mumbled words.
A magic dart appears from out of thin air!
The magic dart hits you!
You die...
Yredelemnul claims you as an undead slave.

### ... ... #.## #..
#.####### ###
#.###@....... ...
#......≈###### ###..
#####.≈....... #....
..#####..≈.≈.≈.≈ #.#.#
........≈....... #....
.>.......≈##########....
.##.#............#.o.#.#
#....#######...#.#.#.#
#.... .......<#.#.#.#


There were no monsters in sight!

Vanquished Creatures
  A jelly (D:2)
  4 adders
  10 oozes (D:2)
  3 worms (D:2)
  4 dart slugs
  2 leopard geckos
  An orc (D:3)
  3 giant cockroaches
  10 goblins
  9 hobgoblins
  3 jackals (D:1)
  2 quokkas (D:2)
  9 bats
  5 frilled lizards
  16 kobolds
  3 rats (D:1)
  A fungus (D:2)
86 creatures vanquished.

Vanquished Creatures (others)
  A fungus (D:2)
  7 toadstools (D:2)
8 creatures vanquished.

Grand Total: 94 creatures vanquished

Notes
Turn   | Place    | Note
-------+----------+-------------------------------------------
     0 | D:1      | Felnil the Skeleton Fighter began the quest for the Orb.
     0 | D:1      | Reached XP level 1. HP: 14/14 MP: 1/1
    51 | D:1      | Reached XP level 2. HP: 16/19 MP: 2/2
   314 | D:1      | Reached skill level 4 in Shields
   552 | D:1      | Reached XP level 3. HP: 24/24 MP: 3/3
  1336 | D:2      | Reached XP level 4. HP: 23/29 MP: 2/4
  1657 | D:2      | Reached XP level 5. HP: 9/34 MP: 2/5
  1989 | D:2      | Found a glowing golden altar of the Shining One.
  1992 | D:2      | Noticed an angel
  2007 | D:2      | Found a basalt altar of Yredelemnul.
  2011 | D:2      | Noticed a profane servitor
  2016 | D:2      | Became a worshipper of Yredelemnul the Dark
  2174 | D:3      | Noticed a phantom
  2815 | D:3      | Reached skill level 5 in Shields
  2893 | D:3      | Killed from afar by an orc wizard

Skill      XL: |  1  2  3  4  5 |
---------------+----------------+-----
Shields        | 4 5 |  5.0
Fighting       | 4 |  4.9
Armour         | 4 |  4.4
Axes           | |  2.4

Action                   |  1- 3 |  4- 6 || total
-------------------------+-------+-------++-------
Melee: War axe           |   153 |   129 ||   282
Throw: Tomahawk          |     7 |       ||     7
Armor: Scale mail        |   107 |    79 ||   186
Dodge: Dodged            |    85 |    54 ||   139
Block: Shield            |   123 |    77 ||   200
